 Dungeon Crawl Stone Soup version 0.29.0-4-gdea44cf6ec (webtiles) character file.

Game seed: 14979204986280208226

1351 qw the Cleaver (level 8, -12/48 HPs)
             Began as a Tengu Warper on Aug 28, 2022.
             Was an Initiate of Okawaru.
             Killed from afar by Maggie (14 damage)
             ... with a bolt of fire
             ... on level 6 of the Dungeon.
             The game lasted 00:00:34 (6018 turns).

qw the Cleaver (Tengu Warper)                       Turns: 6018, Time: 00:00:35

Health: -12/48     AC: 14    Str: 14      XL:     8   Next: 63%
Magic:  12/12      EV:  6    Int: 12 (14) God:    Okawaru [......]
Gold:   93         SH:  0    Dex: 16 (19) Spells: 11/11 levels left

rFire   . . .      SeeInvis .   Y - +3 hand axe (flame)
rCold   . . .      Faith    .   (no shield)
rNeg    . . .      Spirit   .   a - +0 plate armour
rPois   +          Reflect  .   (helmet restricted)
rElec   .          Harm     .   h - +0 cloak
rCorr   .          Rampage  .   b - +0 pair of gloves
Will    .....                   (boots unavailable)
Stlth   ..........              (no amulet)
HPRegen 0.16/turn               c - +6 ring of dexterity
MPRegen 0.13/turn               d - ring of poison resistance

@: confused, flying quickly and evasively, mesmerised, quick
A: beak, talons 3, nimble flight
a: Renounce Religion


You were on level 6 of the Dungeon.
You worshipped Okawaru.
Okawaru was noncommittal.
You visited 1 branch of the dungeon, and saw 6 of its levels.
You also visited: Ossuary.

You collected 340 gold pieces.
You spent 247 gold pieces at shops.


Innate Abilities, Weirdness & Mutations

You have a beak for a mouth.
You have claws for feet.
Your magical nature lets you fly swiftly and evasively.


   Skills:
 - Level 4.5 Fighting
 + Level 9.0 Axes
 - Level 1.0 Throwing
 - Level 5.4 Armour
 - Level 2.1 Dodging
 - Level 2.0 Spellcasting
 - Level 2.4 Translocations


You had 11 spell levels left.
You didn't know any spells.
Your spell library contained the following spells:

 Spells                   Type           Power      Damage    Failure   Level
 Blink                    Tloc           12%        N/A       100%        2
 Gell's Gravitas          Tloc           6%         N/A       100%        3
 Lesser Beckoning         Tloc           6%         N/A       100%        3
 Teleport Other           Tloc           6%         N/A       100%        3
 Manifold Assault         Tloc           6%         N/A       100%        5

Inventory:

Hand Weapons
 Y - a +3 hand axe of flaming (weapon)
Armour
 a - a +0 plate armour (worn)
 b - a +0 pair of gloves (worn)
 h - a +0 cloak (worn)
 k - a +2 cloak
Jewellery
 c - a +6 ring of dexterity (left hand)
 d - a ring of poison resistance (right hand)
 j - a +4 ring of slaying {mikee}
 m - a ring of ice
Scrolls
 e - 2 scrolls of identify
Potions
 f - a potion of resistance
 g - a potion of mutation {unknown}
 i - a potion of curing {unknown}
 l - 2 potions of haste
 o - a potion of lignification {unknown}

Dungeon Overview and Level Annotations

Branches:
Dungeon (6/15)            Ossuary (visited)
 Temple: D:4-7

Altars:
Okawaru
Qazlal
Sif Muna
Vehumet
Wu Jian
Xom
Yredelemnul

Shops:
D:5 *   D:6 *

Annotations:
D:6 Maggie


Message History

Maggie hits you with a +0 halberd!
You hit Maggie but do no damage. You claw Maggie.
Maggie is lightly wounded.
Maggie gestures wildly while chanting.
Maggie attempts to bespell you!
You are mesmerised by Maggie!
You closely miss Maggie. Your kick misses Maggie.
You peck Maggie, but do no damage.
Maggie is lightly wounded.
Maggie hits you with a +0 halberd!
You hit Maggie. You burn Maggie. You punch Maggie, but do no damage.
Maggie is lightly wounded.
Maggie points at you and mumbles some strange words.
The bolt of fire hits you!
You hit Maggie. You burn Maggie.
Maggie is moderately wounded.
You hit Maggie. You burn Maggie. Your kick misses Maggie.
Your peck misses Maggie.
Maggie is moderately wounded.
Maggie zaps a wand.
Your will is overpowered!
You are confused.
You bump into the rock wall.
Maggie hits you but does no damage.
You bump into the rock wall.
Maggie hits you but does no damage.
You hit Maggie. You burn Maggie. You claw Maggie.
Maggie is heavily wounded.
Maggie hits you with a +0 halberd.
You bump into the rock wall.
Maggie zaps a wand.
You resist with some effort.
You completely miss Maggie. Your kick misses Maggie.
Maggie is heavily wounded.
Maggie hits you with a +0 halberd.
You bump into the rock wall.
Maggie hits you with a +0 halberd.
You miss Maggie. Your kick misses Maggie. You peck Maggie, but do no damage.
Maggie is moderately wounded.
Maggie points at you and mumbles some strange words.
The bolt of fire hits you!
You die...

# +##'.# #>.
#.#..#.# #..
#.#..#.' #..#
#.'..'## #...#
###..#..
#...######## #..#..
........... ###'##
#.@....<.. #... .##
#@# #### ...## ##.#
.# #. # ##...# #..#
.# ##. ####....#
#.### ###.###....
........# #...##
##..........
.......#
#....###.....###.##
......#
##....\......# #.
......#
#...###.....###+##
.##...## #..##
##......+_+.


You could see Maggie (mesmerising).

Vanquished Creatures
  Duvessa (D:6)
  Pargi (D:4)
  A black bear (D:6)
  2 ogres
  A phantom (D:4)
  Blork the orc (D:6)
  A necrophage (D:5)
  2 scorpions (D:5)
  A water moccasin zombie (Ossuary)
  Dowan (D:6)
  A howler monkey (D:4)
  An orc priest (D:5)
  2 hounds
  2 iguanas
  Terence (D:2)
  2 orc wizards
  2 mummies (Ossuary)
  6 adders
  3 gnolls (D:5)
  An ufetubus (D:5)
  4 adder zombies (Ossuary)
  3 worms
  A dart slug (D:4)
  5 orcs
  4 ball pythons
  5 endoplasms (D:1)
  2 giant cockroaches
  3 gnoll zombies (Ossuary)
  6 goblins
  8 hobgoblins
  9 jackals
  3 kobolds
  A quokka (D:2)
  5 bats
  4 hobgoblin zombies (Ossuary)
  7 kobold zombies (Ossuary)
  An orc zombie (Ossuary)
  7 rats
111 creatures vanquished.

Notes
Turn   | Place    | Note
-------+----------+-------------------------------------------
     0 | D:1      | qw the Tengu Warper began the quest for the Orb.
     0 | D:1      | Reached XP level 1. HP: 12/12 MP: 4/4
     0 | D:1      | 0 ||| qw: Version: 0.1-a-89-g26bdef1
     0 | D:1      | 0 ||| qw: Game counter: 2719
     0 | D:1      | 0 ||| qw: Always use a shield: true
     0 | D:1      | 0 ||| qw: God list: Okawaru
     0 | D:1      | 0 ||| qw: Allow faded altars: false
     0 | D:1      | 0 ||| qw: Do Orc after D:15 true
     0 | D:1      | 0 ||| qw: Do second Lair branch before Depths: true
     0 | D:1      | 0 ||| qw: Lair rune preference: random
     0 | D:1      | 0 ||| qw: Plans: Normal
     0 | D:1      | 0 ||| PLANNING D:1-11
    14 | D:1      | 14 ||| SWAPPING to +0 hand axe of flaming.
    15 | D:1      | 15 ||| DROPPING +0 hand axe.
    37 | D:1      | 37 ||| Stepping ~*~*~tactically~*~*~ (stealth).
    39 | D:1      | 39 ||| Stepping ~*~*~tactically~*~*~ (stealth).
    41 | D:1      | 41 ||| Stepping ~*~*~tactically~*~*~ (stealth).
    43 | D:1      | 43 ||| Stepping ~*~*~tactically~*~*~ (stealth).
    44 | D:1      | 44 ||| Stepping ~*~*~tactically~*~*~ (stealth).
    48 | D:1      | 48 ||| Stepping ~*~*~tactically~*~*~ (stealth).
    49 | D:1      | 49 ||| Stepping ~*~*~tactically~*~*~ (stealth).
    62 | D:1      | 62 ||| Stepping ~*~*~tactically~*~*~ (stealth).
    63 | D:1      | 63 ||| Stepping ~*~*~tactically~*~*~ (stealth).
    68 | D:1      | 68 ||| Stepping ~*~*~tactically~*~*~ (stealth).
    76 | D:1      | Reached XP level 2. HP: 17/17 MP: 6/6
    84 | D:1      | Reached skill level 3 in Axes
   437 | D:1      | Found a faded altar of an unknown god.
   712 | D:1      | 712 ||| DROPPING ring of wizardry.
   713 | D:1      | 713 ||| READING 3 scrolls labelled VAAVVE IRPHUFF.
   714 | D:1      | 714 ||| READING scroll labelled NOCYEB KIELEO.
   717 | D:1      | 717 ||| READING scroll labelled ODESKU YRE NAU.
   718 | D:1      | 718 ||| READING scroll labelled VARREAVUIM.
   719 | D:1      | 719 ||| DROPPING scroll of blinking.
   757 | D:2      | Reached XP level 3. HP: 21/21 MP: 7/7
   767 | D:2      | 767 ||| Stepping ~*~*~tactically~*~*~ (stealth).
   770 | D:2      | 770 ||| Stepping ~*~*~tactically~*~*~ (stealth).
   772 | D:2      | 772 ||| Stepping ~*~*~tactically~*~*~ (stealth).
   773 | D:2      | 773 ||| Stepping ~*~*~tactically~*~*~ (stealth).
   787 | D:2      | Reached skill level 4 in Axes
   804 | D:2      | 804 ||| Stepping ~*~*~tactically~*~*~ (stealth).
   806 | D:2      | 806 ||| Stepping ~*~*~tactically~*~*~ (stealth).
   812 | D:2      | 812 ||| Stepping ~*~*~tactically~*~*~ (stealth).
  1082 | D:2      | Noticed Terence
  1096 | D:2      | HP: 4/21 [Terence/+0 short sword (2)]
  1097 | D:2      | HP: 1/21 [Terence/+0 short sword (3)]
  1098 | D:2      | Killed Terence
  1099 | D:2      | Reached XP level 4. HP: 1/26 MP: 8/8
  1700 | D:2      | 1700 ||| READING scroll of enchant weapon.
  1700 | D:2      | 1700 ||| ENCHANTING +1 hand axe of flaming.
  1820 | D:2      | 1820 ||| UPGRADING to +0 plate armour.
  1830 | D:2      | 1830 ||| DROPPING +0 leather armour.
  1831 | D:2      | 1831 ||| UPGRADING to +6 ring of dexterity.
  1832 | D:2      | 1832 ||| READING scroll labelled MUVULY WYCZI.
  1833 | D:2      | 1833 ||| READING 2 scrolls of identify.
  1833 | D:2      | 1833 ||| IDENTIFYING bubbling green potion
  1834 | D:2      | 1834 ||| Stepping randomly (stuck).
  1835 | D:2      | 1835 ||| Stepping ~*~*~tactically~*~*~ (cloud).
  2135 | D:3      | 2135 ||| Stepping ~*~*~tactically~*~*~ (stealth).
  2136 | D:3      | 2136 ||| Stepping ~*~*~tactically~*~*~ (stealth).
  2402 | D:3      | 2402 ||| Stepping ~*~*~tactically~*~*~ (stealth).
  2409 | D:3      | 2409 ||| Stepping ~*~*~tactically~*~*~ (stealth).
  2416 | D:3      | Reached skill level 5 in Axes
  2416 | D:3      | Gained mutation: Your magical nature lets you fly swiftly
                  | and evasively. [Tengu growth]
  2416 | D:3      | Reached XP level 5. HP: 26/30 MP: 9/9
  2557 | D:3      | You are sucked into a shaft and drop 1 floor!
  2597 | D:4      | 2597 ||| READING 2 scrolls labelled TAENAST RYCYE.
  2598 | D:4      | 2598 ||| DROPPING scroll of fog.
  2768 | D:3      | 2768 ||| UPGRADING to +0 pair of gloves.
  2817 | D:4      | Noticed Pargi
  2827 | D:4      | Killed Pargi
  2828 | D:4      | Reached skill level 6 in Axes
  2828 | D:4      | Reached XP level 6. HP: 20/35 MP: 10/10
  3069 | D:4      | Reached skill level 3 in Armour
  3081 | D:4      | 3081 ||| Stepping ~*~*~tactically~*~*~ (stealth).
  3101 | D:4      | 3101 ||| READING scroll of enchant weapon.
  3101 | D:4      | 3101 ||| ENCHANTING +2 hand axe of flaming.
  3456 | D:4      | Reached skill level 7 in Axes
  3456 | D:4      | Reached XP level 7. HP: 31/40 MP: 11/11
  3692 | D:4      | 3692 ||| UPGRADING to +0 cloak.
  3697 | D:4      | 3697 ||| UPGRADING to ring of poison resistance.
  3698 | D:4      | 3698 ||| READING scroll labelled JAN QESOODUC.
  3699 | D:4      | 3699 ||| DRINKING 2 green potions.
  3700 | D:4      | 3700 ||| READING 2 scrolls of identify.
  3700 | D:4      | 3700 ||| IDENTIFYING lumpy green potion
  3701 | D:4      | 3701 ||| DROPPING potion of flight.
  3738 | D:5      | Entered Level 5 of the Dungeon
  3768 | D:5      | Reached skill level 3 in Fighting
  3807 | D:5      | 3807 ||| Stepping ~*~*~tactically~*~*~ (stealth).
  3820 | D:5      | Found a stormy altar of Qazlal.
  3989 | D:5      | Reached skill level 8 in Axes
  4160 | D:5      | Found a shimmering altar of Xom.
  4160 | D:5      | Found a shimmering altar of Xom.
  4160 | D:5      | Found a shimmering altar of Xom.
  4161 | D:5      | Found a shimmering altar of Xom.
  4162 | D:5      | Found a shimmering altar of Xom.
  4164 | D:5      | Found a shimmering altar of Xom.
  4325 | D:5      | Found a basalt altar of Yredelemnul.
  4523 | D:5      | Found a shimmering blue altar of Sif Muna.
  4584 | D:5      | Found Zaqypn's Fire Supplies.
  4599 | D:5      | 4599 ||| SHOPLISTING ring of fire (350 gold, have 305).
  4599 | D:5      | 4599 ||| SHOPLISTING ring of protection from fire (350
                  | gold, have 305).
  4736 | D:5      | Reached XP level 8. HP: 41/46 MP: 12/12
  4831 | D:5      | 4831 ||| READING scroll labelled EFUMAT GEAMIB.
  4832 | D:5      | 4832 ||| READING 2 scrolls of identify.
  4832 | D:5      | 4832 ||| IDENTIFYING amethyst potion
  4833 | D:5      | 4833 ||| DROPPING potion of invisibility.
  4884 | D:6      | Found a sand-covered staircase.
  4885 | D:6      | 4885 ||| PLANNING OSSUARY
  4890 | D:6      | Noticed Blork the orc
  4899 | D:6      | Killed Blork the orc
  4900 | D:6      | Reached skill level 9 in Axes
  5019 | Ossuary  | Entered an ossuary
  5290 | Ossuary  | 5290 ||| DRINKING 3 lumpy orange potions.
  5291 | Ossuary  | 5291 ||| DRINKING 3 sapphire potions.
  5292 | Ossuary  | 5292 ||| DRINKING 2 bubbling golden potions.
  5397 | Ossuary  | 5397 ||| DROPPING 2 potions of degeneration.
  5398 | Ossuary  | 5398 ||| DROPPING potion of berserk rage.
  5407 | D:6      | 5407 ||| PLANNING D:1-11
  5509 | D:6      | Found a radiant altar of Vehumet.
  5533 | D:6      | 5533 ||| Stepping ~*~*~tactically~*~*~ (hiding).
  5536 | D:6      | 5536 ||| Stepping ~*~*~tactically~*~*~ (hiding).
  5578 | D:6      | Noticed Dowan
  5584 | D:6      | Killed Dowan
  5585 | D:6      | Noticed Duvessa
  5586 | D:6      | 5586 ||| Stepping ~*~*~tactically~*~*~ (stealth).
  5604 | D:6      | HP: 7/48 [Duvessa/+0 rapier (7)]
  5605 | D:6      | 5605 ||| READING scroll of teleportation.
  5606 | D:6      | 5606 ||| DRINKING potion of heal wounds.
  5723 | D:6      | Killed Duvessa
  5870 | D:6      | Found an iron altar of Okawaru.
  5874 | D:6      | Became a worshipper of Warmaster Okawaru
  5966 | D:6      | Found an ornate altar of the Wu Jian Council.
  5987 | D:6      | Found Vogacw's Neck Hole.
  5992 | D:6      | 5992 ||| BUYING +2 cloak (247 gold).
  5992 | D:6      | Bought a +2 cloak for 247 gold pieces
  5992 | D:6      | 5992 ||| SHOPLISTING amulet of regeneration (450 gold, have
                  | 93).
  5992 | D:6      | 5992 ||| SHOPLISTING amulet of the acrobat (450 gold, have
                  | 93).
  5998 | D:6      | Noticed Maggie
  5999 | D:6      | 5999 ||| Stepping ~*~*~tactically~*~*~ (hiding).
  6014 | D:6      | HP: 11/48 [Maggie/+0 halberd (3)]
  6017 | D:6      | HP: 2/48 [Maggie/+0 halberd (6)]
  6018 | D:6      | Killed from afar by Maggie

Levels and vault maps discovered:
D:1:      scummos_arrival_gate, layout_rooms,
          hellmonk_ecumenical_altar_heavens_door
D:2:      layout_basic, minmay_misc_feat_columns, uniq_terence
D:3:      layout_loops_cross
D:4:      layout_loops_cross, moated_statue, uniq_pargi
D:5:      nicolae_cairo_tiling, layout_gridville, xom_redecorated,
          marbit_many_paths, mainiacjoe_overflow_tiny_flanked,
          amcnicky_altar_gilded, nicolae_shop_fire_sale [nicolae_sub_dead_trees]
D:6:      layout_layer_cave, general_overflow_altar, lemuel_doored_altar,
          mainiacjoe_overflow_24_doors, lightli_ossuary_entry_decrepit_ruins,
          nicolae_shop_sticking_my_neck_out, uniq_duvessa, uniq_blork_the_orc,
          uniq_maggie

Skill      XL: |  1  2  3  4  5  6  7  8 |
---------------+-------------------------+-----
Axes           | 3 4 5 6 7 8 9 |  9.0
Armour         | 2 3 4 5 |  5.4
Fighting       | 3 4 |  4.5
Throwing       | |  1.0
Dodging        | |  2.1
Spellcasting   | |  2.0
Translocations | |  2.4

Action                   |  1- 3 |  4- 6 |  7- 9 || total
-------------------------+-------+-------+-------++-------
Melee: Hand axe          |    50 |   110 |   153 ||   313
       Kick              |    16 |    23 |    50 ||    89
       Peck              |     7 |    20 |    45 ||    72
       Punch             |       |       |     3 ||     3
Throw: Boomerang         |     7 |       |       ||     7
  Use: Scroll            |     4 |     5 |     5 ||    14
       Potion            |       |       |     5 ||     5
Armor: Leather armour    |     8 |     4 |       ||    12
       Plate armour      |       |    42 |    63 ||   105
Dodge: Dodged            |    16 |    38 |    20 ||    74

Table legend:
 A = Non-vault XP
 B = Vault XP
 C = Vault XP percentage of total XP
 D = Non-vault monster count
 E = Vault monster count
 F = Vault count percentage of total count
                 A         B        C        D         E       F
            +---------+---------+-------+---------+---------+-------
      Total |    1264 |     666 |  34.5 |      83 |      28 |  25.2
            +---------+---------+-------+---------+---------+-------
        D:1 |      33 |       0 |   0.0 |      20 |       0 |   0.0
        D:2 |      35 |      36 |  50.7 |      17 |       1 |   5.6
        D:3 |      72 |       0 |   0.0 |      11 |       0 |   0.0
        D:4 |     371 |     130 |  25.9 |      14 |       1 |   6.7
        D:5 |     565 |      35 |   5.8 |      15 |       1 |   6.2
        D:6 |     188 |     313 |  62.5 |       6 |       3 |  33.3
    Ossuary |       0 |     152 | 100.0 |       0 |      22 | 100.0
            +---------+---------+-------+---------+---------+-------
